 Dungeon Crawl Stone Soup version 0.26.1-11-gd32895ea62 (webtiles) character file.

Game seed: 6767339692044088553

61 Gwenloh the Grasshopper (level 4, 0/28 (29) HPs)
             Began as a Halfling Warper on May 14, 2021.
             Succumbed to an adder's poison
             ... on level 2 of the Dungeon.
             The game lasted 00:05:57 (2208 turns).

Gwenloh the Grasshopper (Halfling Warper)           Turns: 2208, Time: 00:05:59

HP:   0/28 (29)     AC:  4    Str: 12    XL:     4   Next: 27%
MP:   2/6           EV: 14    Int: 17    God:
Gold: 113           SH:  0    Dex: 14    Spells: 4/6 levels left

rFire    . . .     SeeInvis .   w - +0 hunting sling
rCold    . . .     Faith    .   (shield restricted)
rNeg     . . .     Spirit   .   f - +0 leather armour
rPois    .         Reflect  .   g - +1 hat
rElec    .         Harm     .   (no cloak)
rCorr    .         Rampage  .   (no gloves)
Will     .....                  (no boots)
Stlth    +.........             (no amulet)
HPRegen  0.09/turn              h - +6 ring of intelligence
MPRegen  0.10/turn              (no ring)

@: lethally poisoned (0 -> -9), lightly drained
A: small, mutation resistance 1
a: no special abilities


You were on level 2 of the Dungeon.
You visited 1 branch of the dungeon, and saw 2 of its levels.

You collected 113 gold pieces.

Inventory:

Hand Weapons
 a - a +0 short sword
 w - a +0 hunting sling (weapon)
Missiles
 b - 36 stones (quivered ammo)
 e - 5 boomerangs of dispersal
Armour
 f - a +0 leather armour (worn)
 g - a +1 hat (worn)
Jewellery
 h - a +6 ring of intelligence (left hand)
Scrolls
 c - a scroll of immolation {unknown}
 d - a scroll of blinking
 i - a scroll of random uselessness {unknown}
 k - a scroll of identify {unknown}
 l - a scroll of teleportation {unknown}
 m - a scroll of fog {unknown}


   Skills:
 - Level 1.7 Fighting
 - Level 3.4 Short Blades
 * Level 3.6(3.8) Slings
 - Level 1.0(1.8) Throwing
 - Level 1.1 Armour
 - Level 2.1 Dodging
 - Level 1.5 Spellcasting
 + Level 3.6 Translocations


You had 4 spell levels left.
You knew the following spells:

 Your Spells              Type           Power        Failure   Level
a - Blink                 Tloc           N/A          9%          2

Your spell library contained the following spells:

 Spells                   Type           Power        Failure   Level
 Gell's Gravitas          Tloc           6%           17%         3
 Lesser Beckoning         Tloc           6%           17%         3
 Teleport Other           Tloc           13%          17%         3
 Passage of Golubria      Tloc           N/A          50%         4


Dungeon Overview and Level Annotations

Branches:
Dungeon (2/15)

Altars:


Innate Abilities, Weirdness & Mutations

You are small and have problems with some larger weapons.
You are somewhat resistant to further mutation.


Message History

Fire: 39 stones
Press: ? - help, Q - select action, (/) - cycle Shift-Dir - straight line, f/p - adder
Aim: an adder (almost dead, 40% to hit)
You shoot a stone. The stone misses the adder.
* * * LOW HITPOINT WARNING * * *
You feel sick. The adder misses you.
Fire: 38 stones
Press: ? - help, Q - select action, (/) - cycle Shift-Dir - straight line, f/p - adder
Aim: an adder (almost dead, 40% to hit)
You shoot a stone. The stone barely misses the adder.
The adder bites you.
* * * LOW HITPOINT WARNING * * *
You are more poisoned.
The adder poisons you!
Fire: 37 stones
Press: ? - help, Q - select action, (/) - cycle Shift-Dir - straight line, f/p - adder
Aim: an adder (almost dead, 40% to hit)
You shoot a stone. The stone hits the adder.
You kill the adder!
You die...

#..)..#. ..## #.##.
#.###.).# ##... #.##. #.#
##.## #.....#.##.
#.####.####..........
#.#(#...........#....
#(...((## ##...#####.
###(#................
P..####(#.##.###########.
≈P......@.# .# #.
≈P.####(### . #. #.# .≈
#. #.# P♣ #. #(# ≈♣ #.
..# #. ≈♣P #. P ≈ #. #.


There were no monsters in sight!

Vanquished Creatures
  3 adders
  An ooze (D:2)
  2 dart slugs (D:1)
  5 bats
  2 giant cockroaches (D:1)
  4 goblins
  3 hobgoblins (D:1)
  A ball python (D:2)
  5 frilled lizards
  5 kobolds
  9 rats
40 creatures vanquished.

Vanquished Creatures (others)
  10 plants (D:2)
10 creatures vanquished.

Grand Total: 50 creatures vanquished

Notes
Turn   | Place    | Note
-------+----------+-------------------------------------------
     0 | D:1      | Gwenloh the Halfling Warper began the quest for the Orb.
     0 | D:1      | Reached XP level 1. HP: 14/14 MP: 3/3
   559 | D:1      | Reached XP level 2. HP: 16/19 MP: 4/4
   695 | D:1      | Reached skill level 1 in Slings
   980 | D:1      | Reached XP level 3. HP: 24/24 MP: 5/5
   988 | D:1      | Learned a level 2 spell: Blink
  1778 | D:2      | Reached XP level 4. HP: 29/29 MP: 6/6
  2207 | D:2      | HP: 1/28 [adder (3)]
  2208 | D:2      | Succumbed to an adder's poison

Illustrated notes

Levels and vault maps discovered:
D:1:      nzn_arrival_settlement, layout_loops_corners, palyth_stone_intersect
D:2:      layout_loops_ring, serial_bayou, serial_bayou_shore_b,
          serial_bayou_ford_a, serial_bayou_lagoon_b, serial_bayou_pond_c

Skill      XL: |  1  2  3 |
---------------+----------+-----
Short Blades   | 3 |  3.4
Slings         | 2 3 |  3.6
Fighting       | |  1.7
Throwing       | |  1.0
Armour         | |  1.1
Dodging        | |  2.1
Spellcasting   | |  1.5
Translocations | |  3.6

Action                   |  1- 3 |  4- 6 || total
-------------------------+-------+-------++-------
Melee: Short sword       |    45 |       ||    45
 Fire: Hunting sling     |    61 |    48 ||   109
 Cast: Blink             |     4 |     7 ||    11
  Use: Potion            |       |     1 ||     1
 Stab: Sleeping          |     1 |       ||     1
Armor: Leather armour    |    19 |     6 ||    25
Dodge: Dodged            |    65 |    15 ||    80
